 Dungeon Crawl Stone Soup version 0.29.1-12-g30fa7ad0bf (webtiles) character file.

Game seed: 17725046129393748836

83 LustLizard the Chopper (level 4, -4/41 HPs)
             Began as a Minotaur Monk on Jan 6, 2023.
             Killed from afar by Terence (7 damage)
             ... with a bolt of dispelling energy
             ... on level 2 of the Dungeon.
             The game lasted 00:03:41 (1491 turns).

LustLizard the Chopper (Minotaur Monk)              Turns: 1491, Time: 00:03:42

Health: -4/41      AC:  6    Str: 17    XL:     4   Next: 22%
Magic:  3/3        EV: 10    Int:  7    God:
Gold:   91         SH:  0    Dex: 13    Spells: 3/3 levels left

rFire   . . .      SeeInvis +   a - +0 hand axe
rCold   . . .      Faith    .   (no shield)
rNeg    . . .      Spirit   .   h - +0 scale mail
rPois   .          Reflect  .   (helmet restricted)
rElec   .          Harm     .   (no cloak)
rCorr   .          Rampage  .   (no gloves)
Will    .....                   (no boots)
Stlth   ..........              (no amulet)
HPRegen 0.13/turn               l - ring of see invisible
MPRegen 0.08/turn               (no ring)

@: no status effects
A: horns 2, retaliatory headbutt
a: no special abilities


You were on level 2 of the Dungeon.
You visited 1 branch of the dungeon, and saw 2 of its levels.

You collected 91 gold pieces.

Inventory:

Hand Weapons
 a - a +0 hand axe (weapon)
Missiles
 d - 4 stones (quivered)
Armour
 h - a +0 scale mail (worn)
Jewellery
 l - a ring of see invisible (left hand)
Wands
 n - a wand of flame (7)
 p - a wand of iceblast (7)
Scrolls
 b - a scroll of summoning {unknown}
 f - a scroll of enchant armour {unknown}
 g - a scroll of brand weapon {unknown}
 i - a scroll of poison {unknown}
 m - a scroll of immolation {unknown}
Potions
 e - a potion of attraction {unknown}
 j - a potion of curing {unknown}
 k - a potion of cancellation {unknown}
 o - a potion of lignification {unknown}


   Skills:
 + Level 4.4 Fighting
 * Level 5.2 Axes
 + Level 1.3 Throwing
 - Level 3.2 Dodging
 - Level 1.5 Stealth


You had 3 spell levels left.
You didn't know any spells.
Your spell library contained the following spells:

 Spells                   Type           Power      Damage    Failure   Level
 Ensorcelled Hibernation  Hex/Ice        0%         N/A       95%         2
 Passwall                 Tmut/Erth      0%         N/A       95%         2
 Swiftness                Air            0%         N/A       99%         3
 Alistair's Intoxication  Tmut/Pois      0%         N/A       100%        5
 Borgnjor's Vile Clutch   Necr/Erth      0%         N/A       100%        5
 Eringya's Noxious Bog    Tmut/Pois      0%         N/A       100%        6


Dungeon Overview and Level Annotations

Branches:
Dungeon (2/15)

Altars:

Annotations:
D:2 Terence


Innate Abilities, Weirdness & Mutations

You have a pair of horns on your head.
You reflexively headbutt those who attack you in melee.


Message History

p - a wand of iceblast (7)
A bat and a rat come into view.
Found 16 gold pieces.
The bat hits you.
You barely miss the bat. The bat barely misses you.
You slash the bat!
You kill the bat!
The rat bites you but does no damage.
You barely miss the rat. The rat bites you but does no damage.
You hit the rat.
You kill the rat!
No target in view!
No target in view!
Terence the Incautious comes into view.
He is wielding a +0 flail and carrying a wand of quicksilver (14).
Terence shouts!
You see here 16 gold pieces.
Terence is nearby!
Terence zaps a wand.
The bolt of dispelling energy hits you!
You open the door.
Found a stone staircase leading down.
There is an open door here.
You close the door.
You are confused.
You feel invigorated.
You feel less invigorated.
You feel less confused.
You open the door.
Terence zaps a wand.
The bolt of dispelling energy hits you! Terence misses you.
You hit Terence but do no damage. Terence hits you with a +0 flail!
You hit Terence. You headbutt Terence.
Terence is heavily wounded.
Terence zaps a wand.
The bolt of dispelling energy hits you!
* * * LOW HITPOINT WARNING * * *
You barely miss Terence.
Terence is heavily wounded.
Terence closely misses you.
You barely miss Terence.
Terence is heavily wounded.
Terence zaps a wand.
The bolt of dispelling energy hits you!
You die...

..##########+#......
.......###..........
....@...............
.......$............
..@...........####..
..#####.......# #..
# ##.'.......# #..
#.##..#...##### ###
#.@@.##...#
#...>##...#
#######...# #####


You could see Terence.

Vanquished Creatures
  4 adders (D:2)
  2 worms (D:2)
  A dart slug (D:2)
  3 endoplasms
  4 goblins (D:1)
  2 hobgoblins (D:1)
  2 jackals (D:1)
  4 quokkas
  4 ball pythons
  4 bats
  2 frilled lizards
  3 kobolds
  5 rats
40 creatures vanquished.

Notes
Turn   | Place    | Note
-------+----------+-------------------------------------------
     0 | D:1      | LustLizard the Minotaur Monk began the quest for the Orb.
     0 | D:1      | Reached XP level 1. HP: 19/19 MP: 0/0
   148 | D:1      | Reached skill level 4 in Axes
   276 | D:1      | Reached XP level 2. HP: 27/27 MP: 1/1
  1030 | D:2      | Found a faded altar of an unknown god.
  1052 | D:2      | Reached XP level 3. HP: 29/33 MP: 2/2
  1214 | D:2      | Reached skill level 5 in Axes
  1214 | D:2      | Reached skill level 1 in Throwing
  1364 | D:2      | Reached XP level 4. HP: 40/41 MP: 3/3
  1467 | D:2      | Noticed Terence
  1489 | D:2      | HP: 2/41 [Terence/bolt of dispelling energy (14)]
  1491 | D:2      | Killed from afar by Terence

Illustrated notes

Levels and vault maps discovered:
D:1:      tarquinn_simple_flora_water_b, layout_loops_cross, minivault_5,
          minivault_24, kennysheep_another_room
D:2:      minmay_door_path, layout_basic, nicolae_ecumenical_pavilion,
          uniq_terence

Skill      XL: |  1  2  3 |
---------------+----------+-----
Axes           | 4 5 |  5.2
Fighting       | 4 |  4.4
Throwing       | 1 |  1.3
Dodging        | |  3.2
Stealth        | |  1.5

Action                   |  1- 3 |  4- 6 || total
-------------------------+-------+-------++-------
Melee: Hand axe          |    80 |    21 ||   101
       Headbutt          |     6 |     4 ||    10
Throw: Stone             |     6 |       ||     6
  Use: Potion            |       |     1 ||     1
Armor: Scale mail        |    27 |     5 ||    32
Dodge: Dodged            |    42 |     7 ||    49
